 Dungeon Crawl Stone Soup version 0.31-a0-1576-ga3383bade6 (webtiles) character file.

Game seed: 10961871538487890719

190 TheScarfBastard the Chopper (level 5, -6/70 HPs)
             Began as a Minotaur Berserker on Jan 4, 2024.
             Was a Believer of Trog.
             Mangled by Menkaure (18 damage)
             ... on level 4 of the Dungeon.
             The game lasted 00:05:35 (2223 turns).

TheScarfBastard the Chopper (Minotaur Berserker)    Turns: 2223, Time: 00:05:36

Health: -6/70      AC:  6    Str: 24    XL:     5   Next: 41%
Magic:  4/4        EV: 10    Int:  4    God:    Trog [**....]
Gold:   185        SH:  0    Dex:  9    Spells: 4/4 levels left

rFire   . . .        t - +0 war axe
rCold   . . .        (no shield)
rNeg    . . .        o - +0 scale mail
rPois   +            (helmet restricted)
rElec   .            (no cloak)
rCorr   .            (no gloves)
SInv    .            (no boots)
Will    ++...        (no amulet) Stlth
                     c - ring of poison resistance
HPRegen 1.31/turn    (no ring)
MPRegen 0.09/turn

%: no passive effects
@: berserking, strong-willed (expiring), regenerating (expiring), very quick
A: horns 2, retaliatory headbutt
a: Renounce Religion, Berserk, Trog's Hand


You were on level 4 of the Dungeon.
You worshipped Trog.
Trog was pleased with you.
You visited 1 branch of the dungeon, and saw 4 of its levels.

You collected 185 gold pieces.

Inventory:

Hand Weapons
 a - a +2 hand axe
 t - a +0 war axe (weapon)
Armour
 b - a +0 animal skin
 o - a +0 scale mail (worn)
Jewellery
 c - a ring of poison resistance (left hand)
 i - an amulet of magic regeneration
 k - a ring of willpower
Wands
 r - a wand of iceblast (5)
 u - a wand of flame (22)
Scrolls
 e - a scroll of teleportation
 g - a scroll of noise {unknown}
 h - a scroll of poison {unknown}
 s - a scroll of revelation {unknown}
Potions
 d - 3 potions of mutation {unknown}
 f - a potion of resistance {unknown}
 j - a potion of attraction {unknown}
 l - 2 potions of ambrosia
 m - 3 potions of berserk rage
 n - a potion of invisibility {unknown}
 p - a potion of curing {unknown}
 q - a potion of cancellation {unknown}


   Skills:
 + Level 4.8 Fighting
 + Level 5.8 Axes
 + Level 3.1 Armour
 + Level 2.9 Dodging
 + Level 0.6 Stealth


You had 4 spell levels left.
You didn't know any spells.
Your spell library was empty.

Dungeon Overview and Level Annotations

Branches:
Dungeon (4/15)
 Temple: D:4-7

Altars:
Hepliaklqana
Ru

Shops:
D:2 (?

Annotations:
D:4 Menkaure


Innate Abilities, Weirdness & Mutations

You have a pair of horns on your head.
You reflexively headbutt those who attack you in melee.


Message History

You are poisoned.
The adder poisons you!
Menkaure draws the symbol "Udjat" in the dust.
Menkaure hits you!
The quokka bites you but does no damage.
A red film seems to cover your vision as you go berserk!
You feel yourself moving faster!
You feel mighty!
You feel sick. The adder bites you but does no damage.
Menkaure hits you but does no damage.
The quokka bites you but does no damage.
The goblin hits you with a +0 dagger.
You slice the adder!!
You feel the power of Trog in you as your rage grows.
You kill the adder!
Trog accepts your kill.
You slash Menkaure! You closely miss the goblin. You closely miss the quokka.
You feel sick.
Menkaure calls on the powers of darkness!
The quokka convulses!
Your body is wracked with pain!
* * * LOW HITPOINT WARNING * * *
The quokka bites you.
* * * LOW HITPOINT WARNING * * *
Your Armour skill increases to level 3!
You closely miss the quokka. Your headbutt misses the quokka.
The quokka is moderately wounded.
You closely miss the goblin. You closely miss Menkaure.
You feel the effects of Trog's Hand fading.
You feel sick. The goblin hits you with a +0 dagger.
* * * LOW HITPOINT WARNING * * *
Menkaure closely misses you. The quokka barely misses you.
You furiously retaliate!
You headbutt the quokka!
You kill the quokka!
Trog accepts your kill.
You slash Menkaure! Your punch misses Menkaure.
Menkaure is severely damaged.
You barely miss the goblin.
You feel sick.
You are no longer poisoned.
The goblin hits you with a +0 dagger.
* * * LOW HITPOINT WARNING * * *
Menkaure hits you!!
You die...

#................#....
###...........#..###..
#....#...#####.. ...
###.###.### .....
#...##.... .....
##......... ......
##.#..........
#......g......
##...#@.......
##..#†M.###.. #......#
.. ###...... #.......
#......... .........$
......:...


You could see Menkaure (fast) and a goblin.

Vanquished Creatures
  2 iguanas (D:4)
  3 gnolls (D:2)
  4 adders
  A ribbon worm (D:3)
  A dart slug (D:1)
  5 endoplasms
  6 giant cockroaches
  6 goblins
  7 hobgoblins
  3 jackals (D:3)
  8 kobolds
  4 quokkas
  3 ball pythons
  7 bats
  3 frilled lizards
  4 rats
67 creatures vanquished.

Notes
Turn   | Place    | Note
-------+----------+-------------------------------------------
     0 | D:1      | TheScarfBastard the Minotaur Berserker began the quest for
                  | the Orb.
     0 | D:1      | Reached XP level 1. HP: 19/19 MP: 0/0
   215 | D:1      | Reached skill level 4 in Axes
   218 | D:1      | Reached XP level 2. HP: 24/27 MP: 1/1
   789 | D:1      | Reached ** piety under Trog
   834 | D:2      | Found The Oracle's Delphic Readings.
   837 | D:2      | Reached XP level 3. HP: 33/33 MP: 2/2
   955 | D:2      | Reached skill level 5 in Axes
   955 | D:2      | Reached XP level 4. HP: 41/41 MP: 3/3
  1221 | D:2      | Found Seus's Antique Weapon Shoppe.
  1671 | D:3      | Found a faded altar of an unknown god.
  1819 | D:3      | Found a hazy altar of Hepliaklqana.
  1847 | D:3      | Found a sacrificial altar of Ru.
  2101 | D:4      | Reached XP level 5. HP: 37/47 MP: 4/4
  2213 | D:4      | Noticed Menkaure
  2223 | D:4      | Mangled by Menkaure

Illustrated notes

Levels and vault maps discovered:
D:1:      lightli_arrival_flooded_house, layout_basic
D:2:      layout_basic, serial_shops, nicolae_lakefront_shop,
          nicolae_nh_oracle_at_delphi
D:3:      layout_loops_ring, mainiacjoe_overflow_two_lobes,
          dreamdust_ecumenical_altar_grove, grunt_decor_fettered,
          dk_noncrumbling_4, kennysheep_boxes
D:4:      layout_cave_pools, uniq_menkaure

Skill      XL: |  1  2  3  4  5 |
---------------+----------------+-----
Axes           | 4 5 |  5.8
Fighting       | 4 |  4.8
Armour         | 3 |  3.1
Dodging        | |  2.9
Stealth        | |  0.6

Action                     |  1- 3 |  4- 6 || total
---------------------------+-------+-------++-------
  Melee: Hand axe          |    72 |    45 ||   117
         Headbutt          |    12 |    10 ||    22
         War axe           |       |    22 ||    22
         Punch             |       |     1 ||     1
 Invoke: Berserk           |     1 |     1 ||     2
         Trog's Hand       |       |     1 ||     1
    Use: Scroll            |       |     8 ||     8
   Stab: Sleeping          |     1 |       ||     1
 Armour: Animal skin       |    37 |     7 ||    44
         Scale mail        |       |    50 ||    50
  Dodge: Dodged            |    39 |    50 ||    89

Table legend: (Time is in decaauts)
 A = Elapsed time spent in this place.
 B = Non-inter-level travel time spent in this place.
 C = Inter-level travel time spent in this place.
 D = Time resting spent in this place.
 E = Time spent auto-exploring this place.
 F = Levels seen in this place.
 G = Mean time per level.
                   A        B        C        D        E       F      G
               +--------+--------+--------+--------+--------+-----+--------+
         Total |   2252 |   2208 |     44 |      0 |   1449 |   4 |  563.0 |
       Dungeon |   2252 |   2208 |     44 |      0 |   1449 |   4 |  563.0 |
               +--------+--------+--------+--------+--------+-----+--------+

Top non-repeatable levels by time:
     D:1: 809 daAuts
     D:2: 621 daAuts
     D:3: 581 daAuts
     D:4: 240 daAuts
